 Dungeon Crawl Stone Soup version 0.24-a0-57-gac335f2 (webtiles) character file.

Game seed: 12033369545322350469

161 Amnesiac the Conjurer (level 5, -3/28 HPs)
             Began as a Tengu Conjurer on Feb 4, 2019.
             Killed from afar by an orc wizard (9 damage)
             ... with a puff of flame
             ... on level 4 of the Dungeon.
             The game lasted 00:03:01 (1114 turns).

Amnesiac the Conjurer (Tengu Conjurer)              Turns: 1114, Time: 00:03:02

Health: -3/28      AC:  3    Str:  9    XL:     5   Next: 42%
Magic:  0/11       EV: 15    Int: 16    God:
Gold:   86         SH:  0    Dex: 14    Spells: 6/11 levels left

rFire    . . .     SeeInvis .   a - +2 hand axe (elec)
rCold    . . .     Gourm    .   (no shield)
rNeg     . . .     Faith    .   h - +0 robe
rPois    .         Spirit   .   (helmet restricted)
rElec    .         Reflect  .   (no cloak)
rCorr    .         Harm     .   d - +0 pair of gloves
MR       .....                  (boots unavailable)
Stlth    ++........             (no amulet)
HPRegen  0.09/turn              (no ring)
MPRegen  0.12/turn              (no ring)

@: flying quickly and evasively, very slightly contaminated, quick
A: beak, talons 3, able to fly
a: Stop Flying


You were on level 4 of the Dungeon.
You were hungry.

You visited 1 branch of the dungeon, and saw 5 of its levels.

You collected 86 gold pieces.

Inventory:

Hand Weapons
 a - a +2 hand axe of electrocution (weapon)
 b - a +0 hunting sling
Missiles
 f - 13 stones (quivered)
Armour
 d - a +0 pair of gloves (worn)
 h - a +0 robe (worn)
 i - a +0 ring mail
Scrolls
 g - a scroll of amnesia {!r, unknown}
 j - a scroll of teleportation {!r, unknown}
Potions
 k - a potion of haste {!q}
 l - a potion of cancellation {!q, unknown}
Comestibles
 c - 2 rations
 m - 4 chunks of flesh


   Skills:
 - Level 2.1 Dodging
 - Level 2.0 Stealth
 + Level 3.6 Spellcasting
 * Level 7.3 Conjurations


You had 6 spell levels left.
You knew the following spells:

 Your Spells              Type           Power        Failure   Level  Hunger
a - Iskenderun's Mystic   Conj           ####....     9%          4    ####...
d - Magic Dart            Conj           ####         1%          1    None

Your spell library contained the following spells:

 Spells                   Type           Power        Failure   Level  Hunger
 Searing Ray              Conj           ####..       1%          2    ##.....
 Dazzling Spray           Conj/Hex       ##....       12%         3    ###....
 Force Lance              Conj/Tloc      ##......     36%         4    ####...
 Fulminant Prism          Conj/Hex       ##........   36%         4    ####...


Dungeon Overview and Level Annotations

Branches:
Dungeon (5/15)
 Temple: D:4-7

Altars:
Elyvilon
Hepliaklqana
Ru
Uskayaw
Vehumet
Xom


Innate Abilities, Weirdness & Mutations

You have a beak for a mouth.
You have claws for feet.
You can fly continuously.


Message History

Casting: Iskenderun's Mystic Blast (safe; 9% risk of failure)
Confirm with . or Enter, or press ? or * to list all spells.
Aiming: Magic Dart (safe; 1% risk of failure)
Press: ? - help, Shift-Dir - straight line, f/p - orc
Aim: an orc, wearing a +0 leather armour (almost dead)
The magic dart hits the orc but does no damage.
The orc is almost dead.
The orc wizard gestures wildly while chanting.
The orc wizard seems to speed up.
Casting: Magic Dart (safe; 1% risk of failure)
Confirm with . or Enter, or press ? or * to list all spells.
Aiming: Magic Dart (safe; 1% risk of failure)
Press: ? - help, Shift-Dir - straight line, f/p - orc
Aim: an orc, wearing a +0 leather armour (almost dead)
The magic dart hits the orc!
You kill the orc!
Casting: Magic Dart (safe; 1% risk of failure)
Confirm with . or Enter, or press ? or * to list all spells.
Aiming: Magic Dart (safe; 1% risk of failure)
Press: ? - help, Shift-Dir - straight line, f - orc wizard
Aim: an orc wizard, wielding a +0 dagger and wearing a +0 robe (fast)
The magic dart hits the orc wizard.
The orc wizard is moderately wounded.
The orc wizard gestures at you while chanting.
The puff of flame hits you.
You barely miss the orc wizard. You claw the orc wizard.
The orc wizard is severely wounded.
The orc wizard hits you with a +0 dagger.
The orc wizard points at you and mumbles some strange words.
The magic dart hits you!
* * * LOW HITPOINT WARNING * * *
You closely miss the orc wizard.
The orc wizard is severely wounded.
The orc wizard hits you with a +0 dagger.
* * * LOW HITPOINT WARNING * * *
The orc wizard misses you.
Unknown command.
You completely miss the orc wizard.
The orc wizard is severely wounded.
The orc wizard hits you with a +0 dagger.
* * * LOW HITPOINT WARNING * * *
The orc wizard hits you with a +0 dagger.
* * * LOW HITPOINT WARNING * * *
Unknown command.
You hit the orc wizard.
The orc wizard is almost dead.
The orc wizard hits you but does no damage. x2
Unknown command.
Casting: Magic Dart (safe; 1% risk of failure)
Confirm with . or Enter, or press ? or * to list all spells.
Aiming: Magic Dart (safe; 1% risk of failure)
Press: ? - help, Shift-Dir - straight line, f/p - orc wizard
Aim: an orc wizard, wielding a +0 dagger and wearing a +0 robe (almost dead, fast)
The magic dart hits the orc wizard but does no damage.
The orc wizard is almost dead.
The orc wizard misses you.
Unknown command.
You barely miss the orc wizard.
The orc wizard is almost dead.
The orc wizard points at you and mumbles some strange words.
The puff of frost misses you.
The orc wizard gestures at you while chanting.
The puff of flame hits you!
You die...

#.# ########## #.#
.........# #.#
..######.# #.#
..### #.# #.# o...#
#.# #.# ....# #.#
#.# ....# #)# #.#
#...## #.# #@#
#....###)#######o#
#......รท[...o....#
.....#######.#####
....## #.# ..###
#.# ..# #.# .%# #.#
..# #.#


You could see an orc wizard.

Vanquished Creatures
  A howler monkey (D:4)
  A crimson imp (D:5)
  A hound (D:4)
  An iguana (D:3)
  An adder (D:3)
  A worm (D:3)
  2 leopard geckos (D:3)
  4 orcs
  A bat (D:3)
  2 kobolds
  2 frilled lizards
  4 goblins
21 creatures vanquished.

Notes
Turn   | Place    | Note
-------+----------+-------------------------------------------
     0 | D:1      | Amnesiac the Tengu Conjurer began the quest for the Orb.
     0 | D:1      | Reached XP level 1. HP: 10/10 MP: 4/4
   107 | D:2      | Found a hazy altar of Hepliaklqana.
   111 | D:2      | Found a sacrificial altar of Ru.
   115 | D:2      | Found a shimmering altar of Xom.
   118 | D:2      | Found a white marble altar of Elyvilon.
   153 | D:2      | Reached XP level 2. HP: 12/15 MP: 3/6
   210 | D:2      | Found a faded altar of an unknown god.
   234 | D:3      | Reached skill level 6 in Conjurations
   299 | D:3      | Reached XP level 3. HP: 19/19 MP: 0/8
   490 | D:4      | Reached XP level 4. HP: 24/24 MP: 0/9
   496 | D:4      | Learned a level 4 spell: Iskenderun's Mystic Blast
   556 | D:4      | Found a radiant altar of Vehumet.
   582 | D:5      | Entered Level 5 of the Dungeon
   832 | D:5      | Gained mutation: You can fly continuously. [Tengu growth]
   832 | D:5      | Reached XP level 5. HP: 28/28 MP: 1/11
   954 | D:4      | Found a hide-covered altar of Uskayaw.
   975 | D:4      | Reached skill level 7 in Conjurations
  1114 | D:4      | Killed from afar by an orc wizard

Vault maps used:
D:1:      dpeg_arrival_rhombus, serial_bayou_pond_a, evilmike_ruin_ashenzari
D:2:      marbit_many_paths, grunt_temple_overflow_cloverleaf,
          chequers_ecumenical_altar_island, first_ration
D:3:      nicolae_dithmenos_through_a_glass_darkly
D:4:      eat_drink_and_be_merry_uskayaw, overflow_temple_1_default,
          minmay_temple_entry_glass, kennysheep_path_1, uniq_menkaure
D:5:      lemuel_crystal_altar, tgw_trog, serial_shops,
          nicolae_shop_statue_plus, uniq_edmund

Skill      XL: |  1  2  3  4  5 |
---------------+----------------+-----
Conjurations   | 6 7 |  7.3
Spellcasting   | 3 |  3.6
Dodging        | |  2.1
Stealth        | |  2.0

Action                   |  1- 3 |  4- 6 || total
-------------------------+-------+-------++-------
Melee: Hand axe          |     3 |     5 ||     8
       Kick              |     1 |     1 ||     2
 Fire: Hunting sling     |     1 |       ||     1
 Cast: Magic Dart        |    40 |    26 ||    66
       Iskenderun's Myst |       |     1 ||     1
 Abil: Fly               |       |     1 ||     1
  Use: Potion            |       |     1 ||     1
  Eat: Chunk             |       |     1 ||     1
Armor: Ring mail         |     4 |       ||     4
Dodge: Dodged            |     6 |     6 ||    12

Table legend:
 A = Non-vault XP
 B = Vault XP
 C = Vault XP percentage of total XP
 D = Non-vault monster count
 E = Vault monster count
 F = Vault count percentage of total count
                 A         B        C        D         E       F
            +---------+---------+-------+---------+---------+-------
      Total |     231 |       0 |   0.0 |      21 |       0 |   0.0
            +---------+---------+-------+---------+---------+-------
        D:1 |       5 |       0 |   0.0 |       3 |       0 |   0.0
        D:2 |       6 |       0 |   0.0 |       4 |       0 |   0.0
        D:3 |      65 |       0 |   0.0 |       8 |       0 |   0.0
        D:4 |     105 |       0 |   0.0 |       5 |       0 |   0.0
        D:5 |      50 |       0 |   0.0 |       1 |       0 |   0.0
            +---------+---------+-------+---------+---------+-------
